EL
COLORADO (EL) ROCKIES @ TULSA DRILLERS
09/23/2049
 
TOP OF THE 1ST
Colorado (EL) Rockies batting - Pitching for Tulsa Drillers : RHP Mike Mik
Pitching: RHP Mike Mik
Batting: SHB Jamie Mims 0-0: Bunt missed!
0-1: Ball
1-1: Called Strike
1-2: Ground out U3 (Groundball, 3, EV 85.0 MPH)
Batting: RHB John Corfield 0-0: Ball
1-0: Fly out, F9 (Flyball, 89S, EV 86.2 MPH)
Batting: RHB Ryan Rinaldi 0-0: Ball
1-0: Ball
2-0: Ball
3-0: Base on Balls
Batting: RHB Maurice Moore 0-0: Ground out 6-3 (Groundball, 6S, EV 83.1 MPH)
Top of the 1st over - 0 runs, 0 hits, 0 errors, 1 left on base; Colorado (EL) 0 - Tulsa 0
BOTTOM OF THE 1ST
Tulsa Drillers batting - Pitching for Colorado (EL) Rockies : RHP Jalen Young
Pitching: RHP Jalen Young
Batting: LHB Cory Bowler 0-0: Ball
1-0: Called Strike
1-1: Swinging Strike
1-2: Foul Ball, location: 2F
1-2: Ball
2-2: Ball
3-2: Foul Ball, location: 2F
3-2: Base on Balls
Batting: SHB Guy Jerome 0-0: Ball
1-0: Foul Ball, location: 2F
1-1: Swinging Strike
1-2: Fly out, F9 (Flyball, 89M, EV 80.0 MPH)
Batting: RHB Justin Curran 0-0: Foul Ball, location: 2F
0-1: Called Strike
Cory Bowler steals 2nd, throwing error, E2
Cory Bowler to third
0-2: Ball
1-2: Strikes out swinging
Batting: LHB Bobby Gonzalez 0-0: Called Strike
0-1: Foul Ball, location: 2F
0-2: Strikes out swinging
Bottom of the 1st over - 0 runs, 0 hits, 1 error, 1 left on base; Colorado (EL) 0 - Tulsa 0
TOP OF THE 2ND
Colorado (EL) Rockies batting - Pitching for Tulsa Drillers : RHP Mike Mik
Batting: LHB Paul McClintock 0-0: Foul Ball, location: 2F
0-1: Ball
1-1: Ball
2-1: SINGLE (Groundball, 56D, EV 106.9 MPH)
Batting: RHB Chris Tatum 0-0: Foul Ball, location: 2F
0-1: Ball
1-1: SINGLE (Groundball, 6MD, EV 98.1 MPH)
Paul McClintock to second
Batting: LHB Daniel Green 0-0: Foul Ball, location: 2F
0-1: Ball
1-1: Fly out, F7 (Flyball, 78M, EV 81.2 MPH)
Batting: SHB Craig Ruzic 0-0: Called Strike
0-1: Called Strike
0-2: Ball
1-2: Foul Ball, location: 2F
1-2: Strikes out swinging
Batting: SHB Bobby Santor 0-0: Ball
1-0: Foul Ball, location: 2F
1-1: Foul Ball, location: 2F
1-2: Ball
2-2: SINGLE (Groundball, 56D, EV 101.9 MPH)
Paul McClintock to third
Chris Tatum to second
Runner from 3rd tries for Home, SAFE, throw by LF to home
Batting: SHB Jamie Mims 0-0: Called Strike
0-1: Ball
1-1: Fly out, F7 (Line Drive, 78D, EV 89.4 MPH)
Top of the 2nd over - 1 run, 3 hits, 0 errors, 2 left on base; Colorado (EL) 1 - Tulsa 0
BOTTOM OF THE 2ND
Tulsa Drillers batting - Pitching for Colorado (EL) Rockies : RHP Jalen Young
Batting: LHB Nate Kee 0-0: Ball
1-0: Foul Ball, location: 2F
1-1: Ball
2-1: DOUBLE (Line Drive, 78D, EV 103.1 MPH)
Batting: RHB Jerry Blas 0-0: Called Strike
0-1: Ground out 6-3 (Groundball, 6, EV 83.1 MPH)
Nate Kee to third
Batting: LHB Umar Matoub 0-0: Ball
1-0: Ground out 3-1 (Groundball, 34, EV 103.8 MPH)
Nate Kee scores
Batting: LHB Joe Phillips 0-0: Ball
1-0: Foul Ball, location: 2F
1-1: Called Strike
1-2: Strikes out swinging
Bottom of the 2nd over - 1 run, 1 hit, 0 errors, 0 left on base; Colorado (EL) 1 - Tulsa 1
TOP OF THE 3RD
Colorado (EL) Rockies batting - Pitching for Tulsa Drillers : RHP Mike Mik
Batting: RHB John Corfield 0-0: Ball
1-0: Ball
2-0: Called Strike
2-1: Foul Ball, location: 2F
2-2: Ball
3-2: Reached via error on a dropped throw from 1B, E1 (Groundball, 34, EV 80.0 MPH)
Batting: RHB Ryan Rinaldi 0-0: Ball
1-0: Ball
John Corfield is caught stealing 2nd base 2-4
2-0: Ball
3-0: Called Strike
3-1: Foul Ball, location: 2F
3-2: Base on Balls
Batting: RHB Maurice Moore 0-0: Swinging Strike
0-1: Foul Ball, location: 2F
0-2: Ball
Pickoff Throw to First - Error! E1
Ryan Rinaldi to second
1-2: Ball
2-2: Fly out, F3 (Popup, 3F, EV 69.4 MPH)
Batting: LHB Paul McClintock 0-0: Ball
1-0: Fly out, F8 (Flyball, 8LM, EV 91.2 MPH)
Top of the 3rd over - 0 runs, 0 hits, 2 errors, 1 left on base; Colorado (EL) 1 - Tulsa 1
BOTTOM OF THE 3RD
Tulsa Drillers batting - Pitching for Colorado (EL) Rockies : RHP Jalen Young
Batting: RHB Perry Dominey 0-0: Reached on error, E6 (Groundball, 6, EV 85.6 MPH)
Batting: LHB Cory Bowler 0-0: Ball
1-0: Swinging Strike
1-1: Ball
2-1: Called Strike
2-2: Ball
3-2: Base on Balls
Perry Dominey to second
Batting: SHB Guy Jerome 0-0: Ball
1-0: Ball
Wild Pitch!
Perry Dominey to third
Cory Bowler to second
2-0: Foul Ball, location: 2F
2-1: Ball
3-1: Base on Balls
Batting: RHB Justin Curran 0-0: Called Strike
0-1: Fielders Choice at 2nd, 6-4 (Groundball, 6, EV 85.0 MPH)
Perry Dominey scores
Cory Bowler to third
Batting: LHB Bobby Gonzalez 0-0: Ball
1-0: Foul Ball, location: 2F
1-1: Foul Ball, location: 2F
1-2: Ball
2-2: Ball
3-2: Foul Ball, location: 2F
3-2: Strikes out swinging
Batting: LHB Nate Kee 0-0: Swinging Strike
0-1: Foul Ball, location: 2F
0-2: Foul Ball, location: 2F
0-2: Ball
1-2: Fly out, F2 (Popup, 2L, EV 90.0 MPH)
Bottom of the 3rd over - 1 run, 0 hits, 1 error, 2 left on base; Colorado (EL) 1 - Tulsa 2
TOP OF THE 4TH
Colorado (EL) Rockies batting - Pitching for Tulsa Drillers : RHP Mike Mik
Batting: RHB Chris Tatum 0-0: Swinging Strike
0-1: Swinging Strike
0-2: Ball
1-2: Foul Ball, location: 2F
1-2: Foul Ball, location: 2F
1-2: Foul Ball, location: 2F
1-2: Foul Ball, location: 2F
1-2: Strikes out swinging
Batting: LHB Daniel Green 0-0: Called Strike
0-1: Swinging Strike
0-2: Ball
1-2: Foul Ball, location: 2F
1-2: Ball
2-2: Strikes out swinging
Batting: SHB Craig Ruzic 0-0: Called Strike
0-1: Ball
1-1: Foul Ball, location: 2F
1-2: Ball
2-2: Foul Ball, location: 2F
2-2: Ball
3-2: SINGLE (Line Drive, 5D, EV 97.5 MPH)
Batting: SHB Bobby Santor 0-0: Ball
Craig Ruzic steals 2nd base
1-0: Called Strike
1-1: Called Strike
1-2: Ball
2-2: Fly out, F7 (Line Drive, 7S, EV 89.4 MPH)
Top of the 4th over - 0 runs, 1 hit, 0 errors, 1 left on base; Colorado (EL) 1 - Tulsa 2
BOTTOM OF THE 4TH
Tulsa Drillers batting - Pitching for Colorado (EL) Rockies : RHP Jalen Young
Batting: RHB Jerry Blas 0-0: SINGLE (Groundball, 6, EV 100.0 MPH)
Batting: LHB Umar Matoub 0-0: Ball
1-0: Foul Ball, location: 2F
1-1: Swinging Strike
1-2: Foul Ball, location: 2F
1-2: Foul Ball, location: 2F
1-2: Ball
2-2: Strikes out looking
Batting: LHB Joe Phillips 0-0: Foul Ball, location: 2F
0-1: Foul Ball, location: 2F
0-2: Fielders Choice at 2nd, 3-6 (Groundball, 23, EV 86.9 MPH)
Batting: RHB Perry Dominey 0-0: Ball
1-0: Ball
2-0: Called Strike
2-1: Called Strike
2-2: Strikes out swinging
Bottom of the 4th over - 0 runs, 1 hit, 0 errors, 1 left on base; Colorado (EL) 1 - Tulsa 2
TOP OF THE 5TH
Colorado (EL) Rockies batting - Pitching for Tulsa Drillers : RHP Mike Mik
Batting: SHB Jamie Mims 0-0: Ball
1-0: Ball
2-0: Called Strike
2-1: Ground out U3 (Groundball, 3, EV 99.4 MPH)
Batting: RHB John Corfield 0-0: Ball
1-0: Ball
2-0: Called Strike
2-1: Called Strike
2-2: Fly out, F9 (Flyball, 9D, EV 85.0 MPH)
Batting: RHB Ryan Rinaldi 0-0: Ball
1-0: Swinging Strike
1-1: Swinging Strike
1-2: Foul Ball, location: 2F
1-2: Strikes out swinging
Top of the 5th over - 0 runs, 0 hits, 0 errors, 0 left on base; Colorado (EL) 1 - Tulsa 2
BOTTOM OF THE 5TH
Tulsa Drillers batting - Pitching for Colorado (EL) Rockies : RHP Jalen Young
Batting: LHB Cory Bowler 0-0: Ball
1-0: Ball
2-0: Called Strike
2-1: Ball
3-1: Swinging Strike
3-2: Base on Balls
Batting: SHB Guy Jerome 0-0: Ball
1-0: Ball
Cory Bowler steals 2nd base
2-0: Foul Ball, location: 2F
2-1: Ball
3-1: Ground out 4-3 (Groundball, 34D, EV 107.5 MPH)
Cory Bowler to third
Batting: RHB Justin Curran 0-0: Ball
1-0: Ball
2-0: Swinging Strike
2-1: Swinging Strike
2-2: Ball
3-2: Base on Balls
Pitching: LHP Kyle Mearkle
Batting: LHB Bobby Gonzalez 0-0: Foul Ball, location: 2F
0-1: Ball
1-1: Hit by Pitch
Justin Curran to second
Batting: LHB Nate Kee 0-0: Foul Ball, location: 2F
0-1: Ball
1-1: Foul Ball, location: 2F
1-2: SINGLE (Line Drive, 89S, EV 105.0 MPH)
Cory Bowler scores
Justin Curran to third
Bobby Gonzalez to second
Runner from 3rd tries for Home, SAFE, throw by CF to home
Batting: RHB Jerry Blas 0-0: Swinging Strike
0-1: Foul Ball, location: 2F
0-2: Strikes out looking
Batting: LHB Umar Matoub 0-0: Foul Ball, location: 2F
0-1: Called Strike
0-2: Ball
1-2: Ball
2-2: Ground out U3 (Groundball, 13, EV 81.9 MPH)
Bottom of the 5th over - 2 runs, 1 hit, 0 errors, 2 left on base; Colorado (EL) 1 - Tulsa 4
TOP OF THE 6TH
Colorado (EL) Rockies batting - Pitching for Tulsa Drillers : RHP Mike Mik
Pitching: RHP Jon Schau
Now in LF: Justin Van Houten
Now in RF: Bobby Gonzalez
Batting: RHB Maurice Moore 0-0: Called Strike
0-1: Ground out 4-3 (Groundball, 4D, EV 95.6 MPH)
Batting: LHB Paul McClintock 0-0: Ball
1-0: Ball
2-0: Called Strike
2-1: Swinging Strike
2-2: Strikes out swinging, 2-3 out at first.
Batting: RHB Chris Tatum 0-0: Foul Ball, location: 2F
0-1: Foul Ball, location: 2F
0-2: Ball
1-2: Foul Ball, location: 2F
1-2: Strikes out swinging
Top of the 6th over - 0 runs, 0 hits, 0 errors, 0 left on base; Colorado (EL) 1 - Tulsa 4
BOTTOM OF THE 6TH
Tulsa Drillers batting - Pitching for Colorado (EL) Rockies : LHP Kyle Mearkle
Batting: LHB Joe Phillips 0-0: Called Strike
0-1: Foul Ball, location: 2F
0-2: SINGLE (Groundball, 6D, EV 105.0 MPH)
Batting: RHB Perry Dominey 0-0: Called Strike
0-1: Foul Ball, location: 2F
0-2: Ball
1-2: Strikes out swinging
Batting: LHB Cory Bowler 0-0: Ball
1-0: Swinging Strike
1-1: Fielders Choice at 2nd, 5-4 (Groundball, 5L, EV 105.6 MPH)
Batting: SHB Guy Jerome 0-0: Ball
1-0: Ball
2-0: Ball
3-0: Base on Balls
Cory Bowler to second
Pitching: LHP Jared Lummus
Batting: RHB Justin Van Houten 0-0: Ball
1-0: Fly out, F8 (Flyball, 8LXD, EV 76.2 MPH)
Bottom of the 6th over - 0 runs, 1 hit, 0 errors, 2 left on base; Colorado (EL) 1 - Tulsa 4
TOP OF THE 7TH
Colorado (EL) Rockies batting - Pitching for Tulsa Drillers : RHP Jon Schau
Batting: LHB Daniel Green 0-0: Fly out, F9 (Flyball, 9D, EV 96.9 MPH)
Batting: SHB Craig Ruzic 0-0: Foul Ball, location: 2F
0-1: Ball
1-1: Ball
2-1: Swinging Strike
2-2: Ball
3-2: Foul Ball, location: 2F
3-2: SINGLE (Groundball, 34D, EV 96.2 MPH)
Batting: SHB Bobby Santor 0-0: Called Strike
Craig Ruzic steals 2nd base
0-1: Called Strike
0-2: Fly out, F9 (Line Drive, 9, EV 91.2 MPH)
Runner from 2nd tags up, SAFE at 3rd with throw by RF
Batting: SHB Jamie Mims 0-0: Ball
1-0: Ball
2-0: Ball
Wild Pitch!
Craig Ruzic scores
3-0: Called Strike
3-1: Fly out, F7 (Flyball, 7D, EV 97.5 MPH)
Top of the 7th over - 1 run, 1 hit, 0 errors, 0 left on base; Colorado (EL) 2 - Tulsa 4
BOTTOM OF THE 7TH
Tulsa Drillers batting - Pitching for Colorado (EL) Rockies : LHP Jared Lummus
Batting: LHB Bobby Gonzalez 0-0: Ball
1-0: Called Strike
1-1: Ground out U3 (Groundball, 34S, EV 83.8 MPH)
Batting: LHB Nate Kee 0-0: Swinging Strike
0-1: Ball
1-1: Called Strike
1-2: Ball
2-2: Ball
3-2: SINGLE (Line Drive, 7LS, EV 98.8 MPH)
Batting: RHB Jerry Blas 0-0: Called Strike
0-1: Ball
1-1: Ground out U3 (Groundball, 3S, EV 62.5 MPH)
Nate Kee to second
Batting: LHB Umar Matoub 0-0: Foul Ball, location: 2F
0-1: Ball
1-1: Ball
2-1: Ball
3-1: Ground out U3 (Groundball, 3, EV 86.2 MPH)
Bottom of the 7th over - 0 runs, 1 hit, 0 errors, 1 left on base; Colorado (EL) 2 - Tulsa 4
TOP OF THE 8TH
Colorado (EL) Rockies batting - Pitching for Tulsa Drillers : RHP Jon Schau
Pitching: RHP Shane Walker
Batting: RHB John Corfield 0-0: Ball
1-0: Ball
2-0: Called Strike
2-1: SINGLE (Line Drive, 34D, EV 96.2 MPH)
Batting: RHB Ryan Rinaldi 0-0: Foul Ball, location: 2F
0-1: Foul Ball, location: 2F
0-2: Ball
1-2: Strikes out swinging
Batting: RHB Maurice Moore 0-0: Ball
1-0: TRIPLE (Flyball, 89XD, EV 97.5 MPH)
John Corfield scores
Batting: LHB Paul McClintock 0-0: Called Strike
0-1: Ball
1-1: Foul Ball, location: 2F
1-2: Foul Ball, location: 2F
1-2: Ball
2-2: Fly out, F9 (Flyball, 9, EV 75.0 MPH)
Batting: RHB Chris Tatum 0-0: Ball
1-0: Called Strike
1-1: Called Strike
1-2: Ball
2-2: Ball
3-2: Fly out, F3 (Popup, 3S, EV 83.1 MPH)
Top of the 8th over - 1 run, 2 hits, 0 errors, 1 left on base; Colorado (EL) 3 - Tulsa 4
BOTTOM OF THE 8TH
Tulsa Drillers batting - Pitching for Colorado (EL) Rockies : LHP Jared Lummus
Batting: LHB Joe Phillips 0-0: Ground out 1-3 (Groundball, 15, EV 70.6 MPH)
Batting: RHB Perry Dominey 0-0: Called Strike
0-1: Ball
1-1: Called Strike
1-2: Hit by Pitch
Batting: LHB Cory Bowler 0-0: Called Strike
Perry Dominey steals 2nd base
0-1: Ball
1-1: Foul Ball, location: 2F
1-2: Ground out 5-3 (Groundball, 56, EV 106.9 MPH)
Batting: SHB Guy Jerome 0-0: Swinging Strike
0-1: Foul Ball, location: 2F
0-2: Foul Ball, location: 2F
0-2: Strikes out swinging
Bottom of the 8th over - 0 runs, 0 hits, 0 errors, 1 left on base; Colorado (EL) 3 - Tulsa 4
TOP OF THE 9TH
Colorado (EL) Rockies batting - Pitching for Tulsa Drillers : RHP Shane Walker
Pitching: RHP Jeff Dailey
Now at 2B: Randy Boone
Batting: LHB Daniel Green 0-0: SINGLE (Groundball, 34D, EV 105.0 MPH)
Batting: SHB Craig Ruzic 0-0: Bunt missed!
0-1: Ball
1-1: Bunted foul
1-2: Ground out 4-3 (Groundball, 34S, EV 88.1 MPH)
Daniel Green to second
Batting: SHB Bobby Santor 0-0: Swinging Strike
0-1: Called Strike
0-2: Ball
1-2: Strikes out swinging
Batting: SHB Jamie Mims 0-0: Called Strike
0-1: Ball
1-1: SINGLE (Flyball, 7LS, EV 92.5 MPH)
Daniel Green to third
Runner from 3rd tries for Home, SAFE, throw by LF to home
Jamie Mims to second
Batting: RHB John Corfield 0-0: Called Strike
0-1: Foul Ball, location: 2F
0-2: Foul Ball, location: 2F
0-2: Ground out 3-1 (Groundball, 34, EV 88.1 MPH)
Top of the 9th over - 1 run, 2 hits, 0 errors, 1 left on base; Colorado (EL) 4 - Tulsa 4
BOTTOM OF THE 9TH
Tulsa Drillers batting - Pitching for Colorado (EL) Rockies : LHP Jared Lummus
Pitching: RHP Lorenzo Pacheco
Pinch Hitting: SHB Ray Luna 0-0: Called Strike
0-1: Swinging Strike
0-2: Fly out, F5 (Popup, 25F, EV 89.4 MPH)
Batting: LHB Bobby Gonzalez 0-0: Ball
1-0: Ball
2-0: Ball
3-0: Ground out U3 (Groundball, 34S, EV 80.6 MPH)
Batting: LHB Nate Kee 0-0: Ball
1-0: Foul Ball, location: 2F
1-1: Ball
2-1: Swinging Strike
2-2: Foul Ball, location: 2F
2-2: Ball
3-2: Base on Balls
Batting: RHB Jerry Blas 0-0: Ball
1-0: Called Strike
1-1: SINGLE (Groundball, 6MD, EV 98.1 MPH)
Nate Kee to second
Runner from 2nd tries for 3rd, SAFE, throw by CF made to third
Batting: LHB Umar Matoub 0-0: Called Strike
0-1: SINGLE (Line Drive, 56D, EV 95.0 MPH)
Nate Kee scores
Bottom of the 9th over - 1 run, 2 hits, 0 errors, 1 left on base; Colorado (EL) 4 - Tulsa 5
Sunday, July 16th , 2023 - OOTP Baseball 24.6 Build 69